 Dungeon Crawl Stone Soup version 0.27-a0-25-g087482e4d5 (webtiles) character file.

Game seed: 12467623996575001176

0 DocSulfur the Sneak (level 1, 6/10 HPs)
             Began as a Kobold Enchanter on Jan 3, 2021.
             Quit the game on level 1 of the Dungeon.
             The game lasted 00:04:45 (169 turns).

DocSulfur the Sneak (Kobold Enchanter)               Turns: 169, Time: 00:04:46

Health: 6/10       AC:  2    Str:  5    XL:     1   Next: 11%
Magic:  3/3        EV: 15    Int: 16    God:
Gold:   10         SH:  0    Dex: 15    Spells: 3/4 levels left

rFire    . . .     SeeInvis .   a - +1 dagger
rCold    . . .     Faith    .   (shield restricted)
rNeg     . . .     Spirit   .   b - +0 robe
rPois    .         Reflect  .   (no helmet)
rElec    .         Harm     .   (no cloak)
rCorr    .         Rampage  .   (no gloves)
Will     .....                  (no boots)
Stlth    ++++......             (no amulet)
HPRegen  0.03/turn              (no ring)
MPRegen  0.08/turn              (no ring)

@: no status effects
A: small, nightstalker 3
a: no special abilities


You were on level 1 of the Dungeon.
You visited 1 branch of the dungeon, and saw 1 of its levels.

You collected 10 gold pieces.

Inventory:

Hand Weapons
 a - a +1 dagger (weapon)
Armour
 b - a +0 robe (worn)
Scrolls
 d - a scroll of remove curse {unknown}
Potions
 c - 2 potions of degeneration {unknown}


   Skills:
 + Level 1.3 Short Blades
 + Level 2.4 Dodging
 + Level 4.0 Stealth
 + Level 2.2 Spellcasting
 + Level 3.0 Hexes


You had 3 spell levels left.
You knew the following spells:

 Your Spells              Type           Power        Failure   Level
a - Corona                Hex            12%          6%          1

Your spell library contained the following spells:

 Spells                   Type           Power        Failure   Level
 Ensorcelled Hibernation  Hex/Ice        12%          17%         2
 Confusing Touch          Hex            11%          19%         3
 Tukima's Dance           Hex            11%          19%         3
 Dazzling Flash           Conj/Hex       12%          32%         3


Dungeon Overview and Level Annotations

Branches:
Dungeon (1/15)

Altars:


Innate Abilities, Weirdness & Mutations

You are small and have problems with some larger weapons.
You are completely attuned to the shadows.


Message History

The goblin shouts! x2
The bat closely misses you.
You hear an angry hiss.
A rat comes into view.
The bat barely misses you.
A rat comes into view.
Found a scroll labelled PELUOH UTATWI.
A frilled lizard comes into view.
Found 22 gold pieces and a leather armour.
The bat misses you. The bat barely misses you.
The bat hits you but does no damage. The bat barely misses you.
The bat misses you.
A kobold comes into view.
The bat hits you. The dart slug launches a dart at you. The slug dart hits you.
The bat misses you. The kobold closely misses you.
Are you sure you want to abandon this character and quit the game? (Confirm with "yes".)

....w.B... ...b....#..#.
##...#.....#...B...#....#?
##..................#....r#
#..#.....#.....#K...#....r##
#.............!.@r..#....#[l
......#.....#....b)r.#g.#..$
w..................g.#.#....
...#.....#.....#.w#...#.....
..................#....##...
#.#...#.....#.....##.....###
#.###. .........####......
#.# ..##### ###.... #.# ##
####


You could see a dart slug, a giant cockroach (asleep), a goblin, 2 bats, a
kobold and 2 rats.

Vanquished Creatures
  A kobold (D:1)
1 creature vanquished.

Notes
Turn   | Place    | Note
-------+----------+-------------------------------------------
     0 | D:1      | DocSulfur the Kobold Enchanter began the quest for the Orb.
     0 | D:1      | Reached XP level 1. HP: 10/10 MP: 3/3
   169 | D:1      | Quit the game

Illustrated notes

Levels and vault maps discovered:
D:1:      minmay_arrival_four_houses, layout_basic, kennysheep_doodads,
          minmay_crystal_room, minmay_circled_x

Action                   || total
-------------------------++-------
Melee: Dagger            ||     1
 Stab: Sleeping          ||     1
Armor: Robe              ||     5
Dodge: Dodged            ||    19

Table legend: (Time is in decaauts)
 A = Elapsed time spent in this place.
 B = Non-inter-level travel time spent in this place.
 C = Inter-level travel time spent in this place.
 D = Time resting spent in this place.
 E = Time spent auto-exploring this place.
 F = Levels seen in this place.
 G = Mean time per level.
                   A        B        C        D        E       F      G
               +--------+--------+--------+--------+--------+-----+--------+
         Total |    168 |    168 |      0 |      0 |      0 |   1 |  168.0 |
       Dungeon |    168 |    168 |      0 |      0 |      0 |   1 |  168.0 |
               +--------+--------+--------+--------+--------+-----+--------+

Top non-repeatable levels by time:
     D:1: 168 daAuts
